 Dungeon Crawl Stone Soup version 0.30.0-29-ga12c61a403 (webtiles) character file.

Game seed: 13600094394120607936

49 Sabo the Gusty (level 3, -1/26 HPs)
             Began as a Draconian Air Elementalist on June 13, 2023.
             Slain by Sigmund
             ... wielding a +0 scythe
              (10 damage)
             ... on level 3 of the Dungeon.
             The game lasted 00:09:10 (2226 turns).

Sabo the Gusty (Draconian Air Elementalist)         Turns: 2226, Time: 00:09:10

Health: -1/26      AC:  5    Str: 10    XL:     3   Next: 51%
Magic:  1/6        EV: 12    Int: 17    God:
Gold:   128        SH:  0    Dex: 11    Spells: 6/7 levels left

rFire   . . .        f - +0 whip
rCold   . . .        (no shield)
rNeg    . . .        (body armour unavailable)
rPois   .            (helmet restricted)
rElec   .            (no cloak)
rCorr   .            (no gloves)
SInv    .            (no boots)
Will    .....        (no amulet)
Stlth   ++           (no ring)
HPRegen 0.24/turn    (no ring)
MPRegen 0.10/turn

%: no passive effects
@: no status effects
A: AC +5, unfitting armour, cold-blooded
a: no special abilities


You were on level 3 of the Dungeon.
You visited 1 branch of the dungeon, and saw 3 of its levels.

You collected 128 gold pieces.

Inventory:

Hand Weapons
 f - a +0 whip (weapon)
 j - a +0 sling
Jewellery
 i - an amulet of faith
Scrolls
 b - a scroll of identify {unknown}
 d - a scroll of noise {unknown}
 h - a scroll of torment {unknown}
 k - a scroll of magic mapping {unknown}
 m - a scroll of brand weapon {unknown}
Potions
 a - a potion of magic
 c - 3 potions of mutation {unknown}
 e - a potion of attraction {unknown}
 g - a potion of curing {unknown}
 l - a potion of invisibility {unknown}


   Skills:
 + Level 0.2 Fighting
 + Level 0.1 Maces & Flails
 + Level 2.0 Dodging
 + Level 2.1 Stealth
 + Level 2.5 Spellcasting
 + Level 1.9 Conjurations
 + Level 3.4 Air Magic


You had 6 spell levels left.
You knew the following spells:

 Your Spells              Type           Power      Damage    Failure   Level
a - Shock                 Conj/Air       44%        1d5       6%          1

Your spell library contained the following spells:

 Spells                   Type           Power      Damage    Failure   Level
 Static Discharge         Conj/Air       22%        2-3/arc   10%         2
 Swiftness                Air            13%        N/A       14%         3
 Airstrike                Air            6%         2d(1-17)  41%         4


Dungeon Overview and Level Annotations

Branches:
Dungeon (3/15)

Altars:

Annotations:
D:3 Sigmund


Innate Abilities, Weirdness & Mutations

Your plain brown scales are hard. (AC +5)
You cannot fit into any form of body armour.
You are cold-blooded and may be slowed by cold attacks.


Message History

Confirm with . or Enter, or press ? or * to list all spells.
Aiming: Shock (safe; 6% risk of failure)
Press: ? - help, Shift-Dir - straight line, f/p - Sigmund
Aim: Sigmund, wielding a +0 scythe and wearing a +0 robe (heavily wounded, 64% to hit)
The zap hits Sigmund.
Sigmund is severely wounded.
Sigmund closely misses you.
Casting: Shock (safe; 6% risk of failure)
Confirm with . or Enter, or press ? or * to list all spells.
Aiming: Shock (safe; 6% risk of failure)
Press: ? - help, Shift-Dir - straight line, f/p - Sigmund
Aim: Sigmund, wielding a +0 scythe and wearing a +0 robe (severely wounded, 64% to hit)
The zap hits Sigmund.
Sigmund is severely wounded.
Sigmund misses you.
A kobold comes into view. It is wielding a +0 whip.
You hit Sigmund but do no damage.
Sigmund is severely wounded.
Sigmund barely misses you.
You closely miss Sigmund.
Sigmund is severely wounded.
The kobold shouts!
The kobold throws a stone.
The stone closely misses you. Sigmund hits you with a +0 scythe.
You hit Sigmund.
Sigmund is almost dead.
The kobold throws a stone.
The stone closely misses you.
You barely miss Sigmund.
Sigmund is almost dead.
Sigmund barely misses you.
You closely miss Sigmund.
Sigmund is almost dead.
The kobold throws a stone.
The stone misses you. Sigmund hits you with a +0 scythe!
You barely miss Sigmund.
Sigmund is almost dead.
The kobold throws a stone.
The stone misses you.
An endoplasm comes into view.
Sigmund hits you with a +0 scythe!
You die...

# # J...# # #.# K...##
# #.#### ..... # #.##..
#...#+### # #.##.#
#.../.... # #.##.#
#..(....# # #.##.#
##.......# # #....#
#.@@...... # #....#
#.#......# # #....#
#.###..#.. #######.##.#
#.# .#
........##.####.###.##[
##########.............
######.###.### #.# #.#


You could see Sigmund, an endoplasm (wandering) and a kobold.

Vanquished Creatures
  3 worms
  2 dart slugs (D:2)
  3 ball pythons (D:2)
  A bat (D:2)
  3 endoplasms
  A giant cockroach (D:2)
  5 goblins
  4 hobgoblins
  A jackal (D:1)
  4 kobolds
  A quokka (D:2)
  2 frilled lizards
  3 rats
33 creatures vanquished.

Notes
Turn   | Place    | Note
-------+----------+-------------------------------------------
     0 | D:1      | Sabo the Draconian Air Elementalist began the quest for the
                  | Orb.
     0 | D:1      | Reached XP level 1. HP: 14/14 MP: 3/3
   411 | D:1      | Reached XP level 2. HP: 19/20 MP: 0/5
   684 | D:1      | You fall into a shaft and drop 1 floor!
  1185 | D:2      | Reached XP level 3. HP: 26/26 MP: 3/6
  2213 | D:3      | Noticed Sigmund
  2226 | D:3      | Slain by Sigmund

Illustrated notes

Levels and vault maps discovered:
D:1:      evilmike_arrival_crescent, layout_loops_corners, minmay_pentomino_z2
D:2:      layout_basic
D:3:      layout_basic, led_xom_imps, jmf_multi_god_temple, okawaru_trees_1,
          hellmonk_ecumenical_altar_slurped_away, minmay_surrounded, uniq_robin,
          uniq_sigmund

Skill      XL: |  1  2  3 |
---------------+----------+-----
Stealth        | 2 |  2.1
Dodging        | 2 |  2.0
Fighting       | |  0.2
Maces & Flails | |  0.1
Spellcasting   | |  2.5
Conjurations   | |  1.9
Air Magic      | |  3.4

Action                     || total
---------------------------++-------
  Melee: Club              ||    10
         Whip              ||    35
         Tailslap          ||     7
         Punch             ||     1
   Cast: Shock             ||    71
 Armour: Skin              ||    10
  Dodge: Dodged            ||    36
